 Dungeon Crawl Stone Soup version 0.18.1-48-g4cf74bf (webtiles) character file.

169934 nikopol the Severer (level 17, -2/156 HPs)
             Began as a Minotaur Berserker on Aug 22, 2016.
             Was the Champion of Trog.
             Killed from afar by a naga mage (30 damage)
             ... with a poison arrow
             ... on level 4 of the Snake Pit.
             The game lasted 02:03:55 (33828 turns).

nikopol the Severer (Minotaur Berserker)           Turns: 33828, Time: 02:03:56

Health: -2/156     AC: 29    Str: 26    XL:     17   Next: 36%
Magic:  16/16      EV: 14    Int:  3    God:    Trog [******]
Gold:   2300       SH:  4    Dex: 12    Spells: 0 memorised, 16 levels left

rFire  + . .     SeeInvis .     a - +8 war axe of Xefoxof {drain, rN+++ Str-2 Dex-3 Stlth+}
rCold  . . .     Gourm    .     u - +3 plate armour {rF+}
rNeg   + + +     Faith    .     (no shield)
rPois  .         Spirit   .     (helmet restricted)
rElec  .         Dismiss  .     S - +1 ratskin cloak {rPois rN+ Int-1 Dex-1}
rCorr  +         Reflect  +     r - +2 pair of gloves
SustAt .         Harm     .     x - +2 pair of boots of Nihilism {rCorr Str+5}
MR     +....                    B - +4 amulet of reflection
Stlth  ..........               (no ring)
                                (no ring)

@: lethally poisoned (-2 -> -10), about to teleport, poison vulnerable, somewhat
resistant to hostile enchantments, extremely unstealthy
A: retaliatory headbutt, horns 2, screaming 1
a: Berserk, Trog's Hand, Brothers in Arms, Burn Spellbooks, Renounce Religion


You were on level 4 of the Snake Pit.
You worshipped Trog.
Trog was exalted by your worship.
You were hungry.

You visited 4 branches of the dungeon, and saw 29 of its levels.
You visited 1 bazaar.
You also visited: Ice Cave and Volcano.

You collected 2838 gold pieces.
You spent 538 gold pieces at shops.

Inventory:

Hand Weapons
 a - the +8 war axe of Xefoxof (weapon) {drain, rN+++ Str-2 Dex-3 Stlth+}
   (Trog gifted it to you on level 12 of the Dungeon)

   A truly terrible weapon, it drains the life of those it strikes.
   It affects your strength (-2).
   It affects your dexterity (-3).
   It renders you almost immune to negative energy.
   It makes you more stealthy.
 z - a +5 longbow of flaming
 Y - a +6 antimagic executioner's axe
Missiles
 v - 555 arrows (quivered)
Armour
 r - a +2 pair of gloves (worn)
 u - a +3 plate armour of fire resistance (worn)
 x - the +2 pair of boots of Nihilism (worn) {rCorr Str+5}
   (You found it on level 2 of the Snake Pit)

   It affects your strength (+5).
   It protects you from acid and corrosion.
 S - the +1 ratskin cloak (worn) {rPois rN+ Int-1 Dex-1}
   (You bought it in a shop in a bazaar)

   It affects your intelligence (-1).
   It affects your dexterity (-1).
   It protects you from poison.
   It protects you from negative energy.
Jewellery
 q - an uncursed ring of sustain attributes
 t - an uncursed ring of protection from fire
 w - an uncursed ring of positive energy
 B - a +4 amulet of reflection (around neck)
 H - an uncursed ring of protection from magic
 I - an uncursed ring of flight
 X - a +3 ring of slaying
Wands
 n - a wand of hasting (4/9)
 y - a wand of teleportation (7/9)
 E - a wand of disintegration (17/24)
 F - a wand of digging (13/24)
Scrolls
 d - 6 scrolls of fog
 e - 4 scrolls of enchant armour
 f - 5 scrolls of remove curse
 o - 4 scrolls of teleportation
 C - 7 scrolls of blinking
 D - a scroll of recharging
 G - 3 scrolls of fear
 R - a scroll of identify
 T - a scroll of silence
Potions
 b - a potion of magic
 g - 2 potions of resistance
 h - 2 potions of invisibility
 i - 5 potions of flight
 k - 14 potions of curing
 l - 8 potions of might
 A - 6 potions of heal wounds
 J - 3 potions of haste
 K - 2 potions of brilliance
 L - a potion of agility
 P - 3 potions of ambrosia
 Q - a potion of cancellation
 U - 3 potions of cure mutation
Comestibles
 c - 16 bread rations
 m - 11 fruits
 p - 14 meat rations
 s - 11 beef jerkies
 O - 3 slices of pizza


   Skills:
 + Level 15.0 Fighting
 * Level 19.3 Axes
 * Level 17.0 Bows
 + Level 14.6 Armour
 + Level 13.8 Dodging


You had 16 spell levels left.
You didn't know any spells.

Dungeon Overview and Level Annotations

Branches:
Dungeon (15/15)            Temple (0/1) D:7            Lair (8/8) D:8
 Shoals (0/4) Lair:4        Snake (4/4) Lair:6        Slime (0/6) Lair:7
    Orc (2/2) D:11            Elf (0/3) Orc:2        Vaults (0/5) D:13
 Depths (0/5) D:15

Altars:
Cheibriados
Elyvilon
Makhleb
Pakellas
Ru
Xom
The Shining One
Beogh
Jiyva

Shops:
D:9 }   Orc:2 %}!=

Portals:
Hell: Lair:8


Innate Abilities, Weirdness & Mutations

You reflexively headbutt those who attack you in melee.
You have a pair of horns on your head.
You occasionally shout uncontrollably at your foes.


Message History

The naga closely misses you. You furiously retaliate!
You headbutt the naga, but do no damage.
The naga misses you.
The naga mage points at you and mumbles some strange words.
The poison arrow misses you.
A naga and 2 naga magi come into view.
Drink which item? (? for menu, Esc to quit)
You feel better.
The greater naga mumbles some strange words.
The greater naga seems to speed up.
The naga mage casts a spell.
The naga mage seems to speed up.
A naga sharpshooter comes into view. It is wielding a mace.
Read which item? (? for menu, Esc to quit)
As you read the scroll of teleportation, it crumbles to dust.
You feel strangely unstable.
The naga mage points at you and mumbles some strange words.
The poison arrow hits you!
You are poisoned.
You die...

...##.....#..#.#......#
...##.....#..#.#.....##
...###...##..#.#......#
...# #####...#.###+####
...######+####.........
..........))....###....
###...##...###### #
#.....(.......####
#....NN.......#.@#
#.).N.(...N.NN#N...#
#(.).#N(...#..N....#
#((......NN...##.N..#
N#[!....N....##.N..N#
##....⌠...### N....#
#N..(N..N. ..N..N
#......#


You could see a naga warrior, a greater naga, a naga sharpshooter, 4 naga magi
and a naga.

Vanquished Creatures
  Nikola (Snake:1)
  Kirke (Snake:1)
  Frances (Snake:1)
  3 greater nagas (Snake:3)
  Maud (D:14)
  A frost giant (IceCv)
  A salamander stormcaller (D:15)
  Nessos (D:15)
  2 dire elephants
  5 vault guards (D:13)
  The ghost of nikopol the Cleaver, a journeyman MiBe of Trog (Lair:1)
  Harold (Lair:2)
  5 hydras
  15 naga warriors
  2 catoblepae
  A death knight (D:14)
  7 anacondas
  2 centaur warriors
  Erolcha (D:11)
  2 death yaks (IceCv)
  2 tengu warriors (D:15)
  The ghost of curty the Pioneer, a novice DDFi of Pakellas (D:8)
  4 ogre magi (Orc:2)
  12 naga sharpshooters
  4 shock serpents
  3 orc high priests
  The ghost of nikopol the Fighter, a novice MiBe of Trog (D:9)
  Urug (D:12)
  A fire crab (Volcano)
  3 skeletal warriors (D:13)
  3 unseen horrors
  2 salamander mystics (Snake:3)
  A sea snake (Snake:1)
  A naga ritualist (Snake:1)
  An orange crystal statue (D:15)
  2 hill giants
  Pikel (D:7)
  2 orc knights (Orc:1)
  6 mana vipers
  A wizard (D:13)
  5 statues (Volcano)
  13 ugly things
  An orc sorcerer (Orc:1)
  A manticore (D:15)
  6 cyclopes
  A griffon (Lair:8)
  15 salamanders
  A sixfirhy (Lair:8)
  5 elephants (Lair:8)
  3 gargoyles
  2 toenail golems (Volcano)
  A smoke demon (Lair:8)
  10 naga magi
  18 spiny frogs
  23 black mambas
  2 guardian serpents
  2 centaur skeletons
  An ice statue (IceCv)
  5 orange demons (Lair:8)
  2 rime drakes (Lair:8)
  An efreet (D:15)
  A yaktaur (D:15)
  2 freezing wraiths (D:14)
  4 ice devils (Lair:8)
  A hellwing (Lair:8)
  A red devil (Lair:8)
  12 komodo dragons
  The ghost of nikopol the Skirmisher, an amateur MiBe of Trog (D:5)
  6 trolls
  The ghost of Thomus the Chopper, an amateur HOFi (D:3)
  17 polar bears
  A tengu conjurer (D:13)
  17 two-headed ogres
  3 blink frogs (Lair:2)
  8 slime creatures
  A boulder beetle (Lair:8)
  A shadow (D:11)
  2 wraiths
  7 wyverns
  A water elemental (D:13)
  86 yaks
  2 vampires
  10 hippogriffs
  2 fire bats (Volcano)
  6 basilisks
  A hog (Snake:1)
  4 vampire mosquitoes (D:15)
  3 hungry ghosts
  A soldier ant (D:10)
  2 wargs
  34 nagas
  13 water moccasins
  15 porcupines
  18 orc warriors
  4 wasps
  4 ice beasts
  4 sky beasts
  3 phantoms
  A slave (D:7)
  3 eyes of draining
  7 centaurs
  41 ogres
  27 wolves
  23 crocodiles
  2 big kobolds
  19 giant frogs
  3 scorpions
  7 killer bees
  10 wights
  A howler monkey (D:10)
  10 electric eels
  3 lava snakes (Volcano)
  5 crimson imps
  A giant frog zombie (D:11)
  2 quasits
  6 jellies
  2 giant frog skeletons
  Crazy Yiuf (D:2)
  23 orc priests
  8 hounds
  17 orc wizards
  11 iguanas
  14 worker ants
  A killer bee zombie (D:8)
  26 sheep
  A hound zombie (D:2)
  2 hound skeletons
  A mummy (D:7)
  A worker ant zombie (D:10)
  A howler monkey zombie (D:10)
  11 adders
  42 river rats
  4 shadow imps
  An adder skeleton (D:7)
  3 worms
  A dart slug (D:2)
  4 giant geckos
  74 orcs
  14 bats
  9 giant cockroaches
  10 goblins
  10 hobgoblins
  13 jackals
  7 quokkas
  4 ball pythons
  A giant cockroach zombie (D:6)
  3 giant newts
  13 kobolds
  A kobold zombie (D:7)
  3 orc zombies (D:7)
  A quokka skeleton (D:8)
  13 rats
  A fire vortex (D:15)
  2 fungi
  4 plants
1052 creatures vanquished.

Vanquished Creatures (others)
  A wizard (Lair:8)
  An elephant (Lair:8)
  A naga mage (Snake:3)
  3 humans (Snake:1)
  A slave (D:7)
  A centaur (D:9)
  A quokka (D:15)
  29 fungi
  11 plants
49 creatures vanquished.

Grand Total: 1101 creatures vanquished

Notes
Turn   | Place    | Note
--------------------------------------------------------------
     0 | D:1      | nikopol the Minotaur Berserker began the quest for the Orb.
     0 | D:1      | Reached XP level 1. HP: 19/19 MP: 0/0
   166 | D:1      | Reached XP level 2. HP: 24/27 MP: 1/1
   297 | D:1      | Reached skill level 4 in Axes
   406 | D:1      | Reached ** piety under Trog
   624 | D:1      | Reached XP level 3. HP: 24/33 MP: 2/2
   715 | D:2      | Found a sacrificial altar of Ru.
   867 | D:2      | Noticed Crazy Yiuf
   872 | D:2      | Killed Crazy Yiuf
   872 | D:2      | Reached XP level 4. HP: 40/40 MP: 3/3
  2204 | D:3      | Reached XP level 5. HP: 43/47 MP: 4/4
  2386 | D:3      | Noticed Thomus's ghost (amateur HOFi)
  2397 | D:3      | Killed Thomus's ghost
  2397 | D:3      | Reached skill level 5 in Fighting
  2397 | D:3      | Reached skill level 5 in Axes
  2397 | D:3      | Reached XP level 6. HP: 56/56 MP: 5/5
  2725 | D:3      | Reached *** piety under Trog
  2931 | D:3      | Found a snail-covered altar of Cheibriados.
  3043 | D:4      | Reached skill level 5 in Armour
  3315 | D:4      | Reached XP level 7. HP: 61/61 MP: 6/6
  3766 | D:4      | Reached skill level 6 in Axes
  3945 | D:5      | Entered Level 5 of the Dungeon
  4019 | D:5      | Noticed nikopol's ghost (amateur MiBe)
  4029 | D:5      | Killed nikopol's ghost
  4029 | D:5      | Reached skill level 5 in Dodging
  4069 | D:5      | Reached XP level 8. HP: 69/71 MP: 7/7
  4547 | D:5      | Reached skill level 7 in Axes
  4558 | D:5      | Reached skill level 1 in Bows
  4914 | D:6      | Reached **** piety under Trog
  5249 | D:6      | Found an oddly glowing altar of Pakellas.
  5330 | D:6      | Got a polished hand axe
  5331 | D:6      | Identified the +6 hand axe "Gavadoer" {flame, rPois rF- rN++ MR+} (You found it on level 6 of the Dungeon)
  5377 | D:6      | Reached skill level 8 in Axes
  5607 | D:6      | Reached XP level 9. HP: 72/79 MP: 8/8
  6287 | D:7      | Noticed Pikel
  6302 | D:7      | Killed Pikel
  6302 | D:7      | Reached skill level 9 in Axes
  6302 | D:7      | Reached skill level 5 in Bows
  6317 | D:7      | Found a staircase to the Ecumenical Temple.
  6872 | D:8      | Noticed curty's ghost (novice DDFi)
  6883 | D:8      | Killed curty's ghost
  6883 | D:8      | Reached XP level 10. HP: 90/90 MP: 9/9
  7351 | D:8      | Reached skill level 10 in Axes
  7429 | D:8      | Reached ***** piety under Trog
  7608 | D:8      | Found a staircase to the Lair.
  8152 | D:9      | Found Moneaf's Gadget Boutique.
  8213 | D:9      | Noticed nikopol's ghost (novice MiBe)
  8224 | D:9      | Killed nikopol's ghost
  8370 | D:9      | Noticed a gargoyle
  8390 | D:9      | Killed a gargoyle
  8725 | D:10     | Entered Level 10 of the Dungeon
  8771 | Lair:1   | Entered Level 1 of the Lair of Beasts
  8776 | Lair:1   | Found a shimmering altar of Xom.
  8881 | Lair:1   | Noticed nikopol's ghost (journeyman MiBe)
  8882 | Lair:1   | Received a gift from Trog
  8905 | Lair:1   | Killed nikopol's ghost
  8905 | Lair:1   | Reached skill level 11 in Axes
  9085 | Lair:1   | Noticed a spiny frog
  9093 | Lair:1   | Killed a spiny frog
  9093 | Lair:1   | Reached XP level 11. HP: 82/97 MP: 10/10
  9431 | Lair:1   | Noticed a seven-headed hydra
  9442 | Lair:1   | Killed a seven-headed hydra
  9774 | Lair:1   | Reached skill level 10 in Fighting
 10265 | Lair:2   | Received a gift from Trog
 10406 | Lair:2   | Reached skill level 12 in Axes
 10930 | Lair:2   | Noticed Harold
 10955 | Lair:2   | Killed Harold
 11434 | Lair:3   | Reached skill level 10 in Armour
 11492 | Lair:3   | Reached XP level 12. HP: 68/107 MP: 11/11
 11505 | Lair:3   | Found a dark tunnel.
 11510 | Volcano  | Entered a volcano
 11728 | Volcano  | Reached skill level 10 in Bows
 12133 | Volcano  | Found a radiant altar of Vehumet.
 12139 | Volcano  | Reached skill level 13 in Axes
 12160 | Volcano  | Got a pitted leather armour
 12281 | Lair:3   | Identified the cursed +1 leather armour of Absolutism {rCorr Str+4 Dex+2} (You found it in a volcano)
 13013 | Lair:4   | Found a staircase to the Shoals.
 13984 | Lair:5   | Reached skill level 10 in Dodging
 14351 | Lair:5   | Noticed a seven-headed hydra
 14357 | Lair:5   | Killed a seven-headed hydra
 14790 | Lair:5   | Got a jewelled ring mail
 15494 | Lair:6   | Reached skill level 14 in Axes
 15561 | Lair:6   | Found a staircase to the Snake Pit.
 15598 | Lair:6   | Received a gift from Trog
 15709 | Lair:6   | Reached XP level 13. HP: 116/116 MP: 12/12
 16236 | Lair:7   | Found a viscous altar of Jiyva.
 16236 | Lair:7   | Found a staircase to the Slime Pits.
 16705 | Lair:7   | Identified the +4 ring mail "Zusk" {rElec rC++ rCorr Str-5} (You found it on level 5 of the Lair of Beasts)
 17399 | Lair:8   | Entered Level 8 of the Lair of Beasts
 17735 | Lair:8   | Reached ****** piety under Trog
 18049 | Lair:8   | Received a gift from Trog
 18376 | Lair:8   | Noticed a dire elephant
 18396 | Lair:8   | Killed a dire elephant
 18560 | Lair:8   | Paralysed by a wizard for 3 turns
 18668 | Lair:8   | Reached skill level 15 in Axes
 18822 | Lair:8   | Received a gift from Trog
 18920 | Lair:8   | Found a burning altar of Makhleb.
 18928 | Lair:8   | Found a gateway to Hell.
 18952 | Lair:8   | Got a pair of distressingly furry boots
 18965 | Lair:8   | Identified the +3 pair of boots of Starshine {rF+ Regen+ Dex+4} (You found it on level 8 of the Lair of Beasts)
 19228 | Lair:8   | Reached XP level 14. HP: 122/127 MP: 13/13
 20501 | D:10     | Received a gift from Trog
 20907 | D:11     | Identified a scroll of acquirement
 20910 | D:11     | Got a pair of faintly humming gloves
 20922 | D:11     | Identified the +2 pair of gloves of Foybon {Int+4 Dex-3} (You acquired it on level 11 of the Dungeon)
 20957 | D:11     | Noticed Erolcha
 20973 | D:11     | Killed Erolcha
 21113 | D:11     | Found a staircase to the Orcish Mines.
 21136 | D:11     | Got a fine chain mail
 21147 | D:11     | Identified the cursed +0 chain mail "Yddoczere" {Str+2} (You found it on level 11 of the Dungeon)
 21214 | D:11     | Received a gift from Trog
 21375 | D:11     | You fall through a shaft for 2 floors!
 21713 | D:12     | Noticed Urug
 21737 | D:12     | Killed Urug
 21884 | D:12     | Reached skill level 16 in Axes
 22134 | D:12     | Received a gift from Trog
 22145 | D:12     | Got a bloodstained war axe {god gift}
 22146 | D:12     | Identified the +8 war axe of Xefoxof {drain, rN+++ Str-2 Dex-3 Stlth+} (Trog gifted it to you on level 12 of the Dungeon)
 22841 | Orc:1    | Entered Level 1 of the Orcish Mines
 23205 | Orc:1    | You fall through a shaft!
 23205 | Orc:2    | Entered Level 2 of the Orcish Mines
 23207 | Orc:2    | Got a pair of crude gloves
 23218 | Orc:2    | Identified the +0 pair of gloves "Doyhi" {+Inv rC+} (You acquired it on level 2 of the Orcish Mines)
 23253 | Orc:2    | Found a frozen archway.
 23262 | IceCv    | Entered an ice cave
 23874 | IceCv    | Reached XP level 15. HP: 127/136 MP: 14/14
 23885 | IceCv    | Received a gift from Trog
 23980 | IceCv    | Noticed a frost giant
 23990 | IceCv    | Killed a frost giant
 24993 | Orc:1    | Found a roughly hewn altar of Beogh.
 25005 | Orc:1    | Gained mutation: You occasionally shout uncontrollably at your foes. [a neqoxec]
 25463 | Orc:2    | Received a gift from Trog
 25495 | Orc:2    | Found a staircase to the Elven Halls.
 25542 | Orc:2    | Received a gift from Trog
 25562 | Orc:2    | Reached skill level 17 in Axes
 25567 | Orc:2    | Received a gift from Trog
 25666 | Orc:2    | Found Ipoorah's Distillery.
 25670 | Orc:2    | Found Qois's Jewellery Shop.
 25670 | Orc:2    | Found Seorric's Gadget Emporium.
 25670 | Orc:2    | Found Kigobb's Food Boutique.
 26245 | D:13     | Received a gift from Trog
 26785 | D:13     | Reached skill level 15 in Bows
 26828 | D:13     | Found a gate to the Vaults.
 27200 | D:14     | Found a white marble altar of Elyvilon.
 27213 | D:14     | Noticed Maud
 27223 | D:14     | Killed Maud
 27748 | D:15     | Entered Level 15 of the Dungeon
 27805 | D:15     | Received a gift from Trog
 27844 | D:15     | Noticed Nessos
 28067 | D:15     | Killed Nessos
 28186 | D:15     | Received a gift from Trog
 28270 | D:15     | Reached XP level 16. HP: 140/146 MP: 9/15
 28397 | D:15     | Found a gateway to a bazaar.
 28412 | Bazaar   | Entered a bazaar
 28412 | Bazaar   | Found Goschu's Antique Weapon Shop.
 28427 | Bazaar   | Found Kozoq's Antique Armour Shop.
 28447 | Bazaar   | Found Unoycuec's General Store.
 28505 | Bazaar   | Bought the +1 ratskin cloak {rPois rN+ Int-1 Dex-1} for 434 gold pieces
 28537 | Bazaar   | Bought a scroll of identify for 22 gold pieces
 28537 | Bazaar   | Bought a scroll of enchant weapon for 82 gold pieces
 28598 | D:15     | Found a staircase to the Depths.
 29236 | Snake:1  | Entered Level 1 of the Snake Pit
 29241 | Snake:1  | Noticed Kirke
 29242 | Snake:1  | Noticed Frances
 29253 | Snake:1  | Killed Frances
 29253 | Snake:1  | Reached skill level 18 in Axes
 29271 | Snake:1  | Killed Kirke
 29388 | Snake:1  | Noticed Nikola
 29405 | Snake:1  | Killed Nikola
 29933 | Snake:1  | Received a gift from Trog
 30093 | Snake:1  | Found a glowing golden altar of the Shining One.
 30946 | Snake:2  | Got a pair of shimmering boots
 30957 | Snake:2  | Identified the +2 pair of boots of Nihilism {rCorr Str+5} (You found it on level 2 of the Snake Pit)
 31185 | Snake:2  | Received a gift from Trog
 32247 | Snake:3  | Received a gift from Trog
 32247 | Snake:3  | Reached XP level 17. HP: 122/154 MP: 16/16
 32447 | Snake:3  | Received a gift from Trog
 32450 | Snake:3  | Got an iridescent shortbow {god gift}
 32456 | Snake:3  | Identified the +0 shortbow of Trog's Favour {venom, Str+3 Int+2} (Trog gifted it to you on level 3 of the Snake Pit)
 32481 | Snake:3  | Reached skill level 19 in Axes
 33355 | Snake:3  | Reached skill level 15 in Fighting
 33631 | Snake:4  | Entered Level 4 of the Snake Pit
 33828 | Snake:4  | Killed from afar by a naga mage

Skill      XL: |  1  2  3  4  5  6  7  8  9 10 11 12 13 14 15 16 17 |
---------------+----------------------------------------------------+-----
Axes           | 4 5 6 8 9 11 12 14 15 16 17 18 19 | 19.3
Armour         | 3 4 5 6 8 9 10 11 12 13 14 | 14.6
Fighting       | 4 5 6 7 8 9 10 11 12 13 14 15 | 15.0
Dodging        | 3 4 5 6 7 8 9 10 11 12 13 | 13.8
Bows           | 3 5 7 9 11 12 14 15 16 17 | 17.0

Action                   |  1- 3 |  4- 6 |  7- 9 | 10-12 | 13-15 | 16-18 || total
-------------------------+-------+-------+-------+-------+-------+-------++-------
Melee: Hand axe          |    70 |   121 |   162 |   379 |   434 |       ||  1166
       Headbutt          |     7 |    20 |    36 |    90 |   240 |    80 ||   473
       War axe           |       |    20 |    25 |       |   353 |   338 ||   736
       Battleaxe         |       |       |       |       |     7 |       ||     7
       Longbow           |       |       |       |       |       |     1 ||     1
 Fire: Shortbow          |       |       |   113 |   535 |   956 |       ||  1604
       Longbow           |       |       |       |       |   182 |   340 ||   522
Invok: Berserk           |     1 |     1 |     2 |     5 |     2 |     1 ||    12
       Burn Spellbooks   |       |     1 |       |     2 |     3 |     1 ||     7
       Brothers in Arms  |       |       |       |       |       |     1 ||     1
 Abil: Evoke Flight      |       |       |       |     1 |     1 |       ||     2
  Use: Scroll            |       |       |     7 |    13 |    16 |    11 ||    47
       Potion            |       |       |       |       |       |     1 ||     1
  Eat: Chunk             |       |     8 |    15 |    30 |    42 |    12 ||   107
       Fruit             |       |     1 |       |       |       |     1 ||     2
       Beef jerky        |       |       |       |     1 |       |     2 ||     3
       Pizza             |       |       |       |     1 |       |       ||     1
       Royal jelly       |       |       |       |       |       |     1 ||     1
Armor: Animal skin       |     7 |       |       |       |       |       ||     7
       Leather armour    |       |    17 |       |       |       |       ||    17
       Scale mail        |       |    26 |    79 |    66 |       |       ||   171
       Plate armour      |       |       |       |    70 |   284 |   271 ||   625
       Chain mail        |       |       |       |       |    37 |       ||    37
Dodge: Dodged            |    43 |    82 |   102 |   174 |   371 |   199 ||   971
Block: Other             |       |       |       |    62 |   102 |    65 ||   229
       Reflection        |       |       |       |     2 |     8 |    10 ||    20
